 Dungeon Crawl Stone Soup version 0.20-a0-277-g7db01f4 (console) character file.

11976 utis the Covert (level 11, -1/104 HPs)
             Began as a Naga Warper on Dec 13, 2016.
             Was an Elder of Dithmenos.
             Slain by an ancient zyme (6 damage)
             ... on level 1 of the Abyss.
             The game lasted 01:50:20 (18801 turns).

utis the Covert (Naga Warper)                      Turns: 18801, Time: 01:50:21

Health: -1/104     AC:  9    Str: 13    XL:     11   Next: 86%
Magic:  21/21      EV:  9    Int: 17    God:    Dithmenos [****..]
Gold:   43         SH:  0    Dex: 11    Spells: 0/24 levels left

rFire  + + .     SeeInvis +     p - +2 dire flail (holy)
rCold  . . .     Gourm    .     N - +1 scale mail of Filth {rF++ MR- Regen+ rCorr}
rNeg   . . .     Faith    .     (shield currently unavailable)
rPois  +         Spirit   .     (no helmet)
rElec  .         Reflect  .     (no cloak)
rCorr  +         Harm     .     (no gloves)
MR     .....                    (no barding)
Stlth  ++++......               (no amulet)
                                (no ring)
                                Z - ring of wizardry

@: non-regenerating, badly diseased, wreathed by umbra, very slow
A: see invisible, deformed body, poison resistance, slowness 2, slow metabolism
1, spit poison 1, AC +3
a: Spit Poison, Shadow Step, Renounce Religion


You were on level 1 of the Abyss.
You worshipped Dithmenos.
Dithmenos was greatly pleased with you.
You were not hungry.

You visited 1 branch of the dungeon, and saw 11 of its levels.
You visited the Abyss 1 time.

You collected 527 gold pieces.
You spent 484 gold pieces at shops.

Inventory:

Hand Weapons
 a - a +3 dagger of venom
 c - a +0 blowgun {@w1}
 p - a +2 dire flail of holy wrath (weapon)
 O - a +3 blowgun {@w1}
 P - a +2 shortbow of velocity
Missiles
 g - 301 stones
 h - 36 poisoned needles
 o - 6 tomahawks (quivered)
 q - 177 arrows
 u - 6 curare-tipped needles {=f}
 C - 72 bolts
 D - 155 sling bullets
 S - a throwing net {=f}
Armour
 b - a +0 leather armour
 i - a +0 chain mail
 r - a +1 buckler
 H - a +0 ring mail
 J - a +0 scale mail
 N - the +1 scale mail of Filth (worn) {rF++ MR- Regen+ rCorr}
   (You bought it in a shop on level 5 of the Dungeon)

   It greatly protects you from fire.
   It affects your resistance to hostile enchantments.
   It increases your rate of regeneration.
   It protects you from acid and corrosion.
Magical Staves
 x - an uncursed staff of death
 E - an uncursed staff of cold {unknown}
Jewellery
 w - the ring of Checkmate {*Tele Str+7 Int+2}
   (You took it off a gnoll sergeant on level 10 of the Dungeon)

   [ring of teleportation]

   It may teleport you next to monsters.
   It affects your strength (+7).
   It affects your intelligence (+2).
 Z - a ring of wizardry (left hand)
Wands
 s - a wand of confusion (2/48)
 v - a wand of lightning (7/15)
 I - a wand of enslavement (22/24)
 K - a wand of digging (5/24)
 V - a wand of paralysis (9/24)
Scrolls
 d - a scroll of blinking
 e - 5 scrolls of fear
 y - a scroll of enchant armour
 L - a scroll of magic mapping {unknown}
 Q - 2 scrolls of recharging {unknown}
 R - a scroll of fog {unknown}
 T - a scroll of enchant weapon
 U - 2 scrolls of remove curse {@r2}
Potions
 j - 2 potions of flight
 t - 2 potions of invisibility
 z - a potion of magic
 F - a potion of cure mutation {!q}
 G - a potion of mutation {unknown}
 W - a potion of heal wounds {unknown}
Books
 k - a book of Maledictions

   Spells                             Type                      Level
   a - Corona                         Hexes                        1
   b - Ensorcelled Hibernation        Hexes/Ice                    2
   c - Confuse                        Hexes                        3
   d - Tukima's Dance                 Hexes                        3
   e - Dazzling Spray                 Conjuration/Hexes            3
 l - a book of Air

   Spells                             Type                      Level
   a - Shock                          Conjuration/Air              1
   b - Swiftness                      Charms/Air                   2
   c - Repel Missiles                 Charms/Air                   2
   d - Static Discharge               Conjuration/Air              3
   e - Lightning Bolt                 Conjuration/Air              5
Comestibles
 f - 10 bread rations {@e1}
 n - 5 meat rations {@e1}
 B - 8 beef jerkies {@e2}
 M - a fruit {@e2}


   Skills:
 - Level 8.3 Fighting
 - Level 4.2 Short Blades
 - Level 3.5 Maces & Flails
 - Level 0.8 Throwing
 - Level 5.0 Armour
 - Level 5.0 Dodging
 - Level 9.4 Stealth
 - Level 7.3 Spellcasting
 + Level 3.4 Hexes
 - Level 2.0 Charms
 - Level 6.7 Translocations
 - Level 2.1 Air Magic
 - Level 5.0 Evocations


You couldn't memorise any spells.
You knew the following spells:

 Your Spells              Type           Power        Failure   Level  Hunger
c - Confuse               Hex            ###.....     16%         3    ##.....
d - Passage of Golubria   Tloc           N/A          12%         4    ####...
g - Shroud of Golubria    Chrm/Tloc      ###.......   6%          2    None
o - Teleport Other        Tloc           ####....     4%          3    ##.....
r - Repel Missiles        Chrm/Air       ##....       14%         2    None
t - Portal Projectile     Tloc           ####..       4%          3    ##.....
v - Blink                 Tloc           N/A          1%          2    None
W - Swiftness             Chrm/Air       ##......     14%         2    None
Y - Lesser Beckoning      Tloc           ####......   4%          3    ##.....


Dungeon Overview and Level Annotations

Branches:
Dungeon (11/15)            Temple (0/1) D:4            Lair (0/6) D:11
    Orc (0/2) D:9

Altars:
Cheibriados
Dithmenos
Elyvilon
Gozag
Kikubaaqudgha
Ru
Yredelemnul
Zin
The Shining One

Shops:
D:4 :   D:5 [   D:9 %

Annotations:
D:6 exclusion: oklob plant
D:7 1 runed door
D:9 exclusion: downstairs
D:10 Erolcha, Grum
D:11 2 runed doors, Josephine


Innate Abilities, Weirdness & Mutations

You cannot wear boots.
Your serpentine skin is tough. (AC +3)
You have supernaturally acute eyesight. (SInv)
Armour fits poorly on your strangely shaped body.
Your system is resistant to poisons. (rPois)
You cover ground very slowly.
You have a slow metabolism.
You can spit poison.


Message History

The ancient zyme is severely damaged.
The ancient zyme misses you. The ancient zyme completely misses you.
You sock the ancient zyme!
The ancient zyme is almost destroyed.
The ancient zyme hits you.
* * * LOW HITPOINT WARNING * * *
The ancient zyme hits you.
* * * LOW HITPOINT WARNING * * *
You hit the ancient zyme but do no damage.
The ancient zyme is almost destroyed.
The ancient zyme closely misses you. The ancient zyme hits you!
* * * LOW HITPOINT WARNING * * *
You closely miss the ancient zyme.
The ancient zyme is almost destroyed.
The ancient zyme hits you!
* * * LOW HITPOINT WARNING * * *
The ancient zyme hits you.
* * * LOW HITPOINT WARNING * * *
The ancient zyme hits you.
You die...

..... ▒ .▓..
▓.. ░ ....
▓.. ▓ .▒▒
...▒▒ .. ▒▓ .
▒... .▒ .. ▒
░ . .. ...▓.▓
░ .. ▒ . ..
░.░░. .
▓░░▒░.░.▒ ▓▓
░N...░░░
▒░░x░...░.▒
░.░5.▒▒.░▒..▒
░ ░.......▒.
▒.x ..▒▒▒▒..
. ▒ ..░... ▒
░..░... .. ░░
░..░▒ ...
░..▒ ░


You could see an ancient zyme and an ufetubus.

Vanquished Creatures
  Erica (D:10)
  The ghost of DEFE the Nimble, a novice DEFi of Cheibriados (D:10)
  An unseen horror (D:8)
  Pikel (D:7)
  Joseph (D:7)
  4 trolls
  A two-headed ogre (D:11)
  Grinder (D:5)
  4 hippogriffs
  4 wraiths
  A shadow (D:11)
  5 yaks (D:9)
  Edmund (D:5)
  A hungry ghost (D:7)
  Menkaure (D:5)
  A soldier ant (D:11)
  An acid dragon (D:9)
  A porcupine (D:11)
  2 orc warriors
  2 phantoms
  An eye of draining (D:8)
  2 ice beasts
  6 sky beasts
  5 wolves
  4 ogres
  3 centaurs (D:6)
  7 bullfrogs
  A gnoll sergeant (D:10)
  A wyvern skeleton (D:9)
  3 scorpions
  A water moccasin skeleton (D:6)
  8 killer bees
  3 wights (D:8)
  3 electric eels
  5 howler monkeys
  3 crimson imps
  3 bullfrog zombies
  13 hounds
  2 centaur zombies
  A centaur skeleton (D:6)
  7 orc priests
  6 orc wizards
  3 iguanas
  3 jellies
  3 bullfrog skeletons
  3 worker ants
  A hound skeleton (D:8)
  A worker ant zombie (D:7)
  7 gnolls
  12 adders
  A shadow imp (D:8)
  An ooze (D:6)
  2 adder zombies
  An adder skeleton (D:5)
  2 worms
  2 dart slugs
  6 leopard geckos
  30 orcs
  A ball python (D:1)
  8 giant cockroaches
  2 gnoll zombies (D:3)
  11 goblins
  9 hobgoblins
  16 jackals
  9 quokkas
  13 bats
  2 frilled lizards (D:3)
  10 kobolds
  A leopard gecko skeleton (D:7)
  A leopard gecko zombie (D:3)
  4 rats
288 creatures vanquished.

Vanquished Creatures (others)
  A centaur (D:7)
1 creature vanquished.

Grand Total: 289 creatures vanquished

Notes
Turn   | Place    | Note
-------+----------+-------------------------------------------
     0 | D:1      | utis the Naga Warper began the quest for the Orb.
     0 | D:1      | Reached XP level 1. HP: 19/19 MP: 3/3
   149 | D:1      | Reached skill level 1 in Stealth
   379 | D:1      | Reached XP level 2. HP: 26/26 MP: 5/5
   383 | D:1      | Learned a level 2 spell: Shroud of Golubria
   386 | D:1      | Learned a level 2 spell: Blink
   879 | D:1      | Reached skill level 2 in Stealth
  1016 | D:2      | Reached XP level 3. HP: 30/32 MP: 1/6
  1263 | D:2      | Found a shadowy altar of Dithmenos.
  1271 | D:2      | Became a worshipper of Dithmenos the Shadowed
  1618 | D:3      | Found a snail-covered altar of Cheibriados.
  1657 | D:3      | Found a snail-covered altar of Cheibriados.
  1672 | D:3      | Reached skill level 3 in Stealth
  2180 | D:3      | Reached XP level 4. HP: 29/39 MP: 4/7
  2990 | D:3      | Found a basalt altar of Yredelemnul.
  3110 | D:3      | Reached skill level 4 in Stealth
  3550 | D:3      | Learned a level 3 spell: Teleport Other
  3695 | D:2      | Reached * piety under Dithmenos
  3777 | D:2      | Reached skill level 1 in Short Blades
  3777 | D:2      | Reached XP level 5. HP: 35/46 MP: 8/8
  3892 | D:2      | Found a glowing golden altar of the Shining One.
  5208 | D:4      | Found a staircase to the Ecumenical Temple.
  5399 | D:4      | Found Deqeneuni's Book Emporium.
  5414 | D:4      | Reached skill level 5 in Stealth
  5414 | D:4      | Reached XP level 6. HP: 25/56 MP: 5/9
  5848 | D:4      | Found an opulent altar of Gozag.
  6240 | D:4      | Found a white marble altar of Elyvilon.
  6512 | D:5      | Entered Level 5 of the Dungeon
  6519 | D:5      | Reached ** piety under Dithmenos
  6519 | D:5      | Reached XP level 7. HP: 64/64 MP: 7/10
  6530 | D:5      | Learned a level 3 spell: Lesser Beckoning
  6613 | D:5      | Noticed Edmund
  6625 | D:5      | Killed Edmund
  7010 | D:5      | Noticed Grinder
  7246 | D:5      | Found Sajijocu's Antique Armour Shop.
  7267 | D:5      | Noticed Menkaure
  7304 | D:5      | Reached skill level 5 in Translocations
  7304 | D:5      | Reached XP level 8. HP: 39/72 MP: 10/13
  7310 | D:5      | Learned a level 4 spell: Passage of Golubria
  8266 | D:6      | Reached skill level 5 in Spellcasting
  8543 | D:6      | Learned a level 3 spell: Portal Projectile
  8543 | D:6      | hmmmmmmmm
  8583 | D:5      | Bought a polished scale mail for 234 gold pieces
  8613 | D:5      | Killed Menkaure
  8613 | D:5      | Reached skill level 6 in Stealth
  8700 | D:5      | Identified the cursed +1 scale mail of Filth {rF++ MR- Regen+ rCorr} (You bought it in a shop on level 5 of the Dungeon)
  8783 | D:6      | Reached skill level 1 in Armour
  8850 | D:6      | Found an ancient bone altar of Kikubaaqudgha.
  8850 | D:6      | Noticed an oklob plant
  9005 | D:6      | :/
  9413 | D:5      | Paralysed by Grinder for 3 turns
  9437 | D:5      | Killed Grinder
  9437 | D:5      | Reached XP level 9. HP: 76/80 MP: 7/16
  9749 | D:6      | Found a sacrificial altar of Ru.
  9774 | D:6      | Reached *** piety under Dithmenos
 10679 | D:6      | had to try.
 10701 | D:7      | Noticed Joseph
 10723 | D:7      | Killed Joseph
 10895 | D:7      | Noticed Pikel
 11052 | D:6      | Reached skill level 5 in Fighting
 11264 | D:7      | Killed Pikel
 11264 | D:7      | Reached skill level 7 in Stealth
 11452 | D:7      | Reached XP level 10. HP: 64/92 MP: 10/18
 11454 | D:7      | that was actually too risk
 11454 | D:7      | y
 11524 | D:7      | Learned a level 2 spell: Repel Missiles
 11527 | D:7      | Learned a level 2 spell: Swiftness
 11662 | D:7      | Found a runed door.
 11686 | D:7      | Identified a +0 rod of clouds (11/11) (You found it on level 7 of the Dungeon)
 11687 | D:7      | ....
 12000 | D:7      | Reached skill level 1 in Charms
 12316 | D:8      | Reached skill level 1 in Air Magic
 12344 | D:8      | man
 12475 | D:8      | crap
 13304 | D:8      | Noticed an unseen horror
 13320 | D:8      | Killed an unseen horror
 13412 | D:8      | Reached **** piety under Dithmenos
 14214 | D:9      | Found a staircase to the Orcish Mines.
 14290 | D:9      | Found Pusu's Food Shoppe.
 14761 | D:9      | gaaaaah
 14791 | D:9      | Reached skill level 5 in Armour
 14805 | D:9      | Reached XP level 11. HP: 28/103 MP: 3/20
 14966 | D:9      | Reached skill level 5 in Dodging
 15053 | D:9      | Reached skill level 1 in Evocations
 15235 | D:9      | Found a glowing silver altar of Zin.
 15352 | D:10     | Entered Level 10 of the Dungeon
 15352 | D:10     | Noticed DEFE's ghost (novice DEFi)
 16238 | D:11     | Found a runed door.
 16250 | D:11     | Found a runed door.
 16446 | D:11     | Reached skill level 8 in Stealth
 16628 | D:11     | Found a staircase to the Lair.
 16987 | D:11     | Noticed Josephine
 16996 | D:11     | Reached skill level 9 in Stealth
 17273 | D:4      | Bought a book of Maledictions for 250 gold pieces
 17508 | D:10     | Reached skill level 5 in Evocations
 17890 | D:10     | Killed DEFE's ghost
 18113 | D:10     | Got a pitted steel ring
 18116 | D:10     | Identified the ring of Checkmate {*Tele Str+7 Int+2} (You took it off a gnoll sergeant on level 10 of the Dungeon)
 18267 | D:10     | Learned a level 3 spell: Confuse
 18470 | D:10     | Reached skill level 1 in Hexes
 18476 | D:10     | Noticed Grum
 18574 | D:10     | Noticed Erica
 18588 | D:10     | Killed Erica
 18732 | D:10     | Noticed Erolcha
 18733 | D:10     | Cast into level 1 of the Abyss (Erolcha)
 18734 | Abyss:1  | great
 18801 | Abyss:1  | HP: 5/104 [ancient zyme (5)]
 18801 | Abyss:1  | Slain by an ancient zyme

Vault maps used:
D:1:      elethiomel_arrival_maze, serial_aquarium,
          aquarium_bridge_long_separate, aquarium_window_1, aquarium_window_2,
          aquarium_window_fake, aquarium_view_2c, aquarium_view_2a,
          aquarium_pool_split, minmay_surrounded
D:2:      lemuel_coloured_pillars_altar, nicolae_tso_carved_into_rock,
          minmay_octomino_e4
D:3:      lemuel_zombie_altar_yredelemnul, lemuel_crystal_altar,
          kennysheep_slug_shrine
D:4:      elyvilon_altar_3, grunt_gozag_breadcrumbs, serial_shops, shop,
          first_bread
D:5:      serial_shops, shop_statue, uniq_menkaure, uniq_edmund, uniq_grinder
D:6:      nicolae_ru_sacrificial_ziggurat, lemuel_oklob_altar
D:7:      grunt_ogre_cave, serial_bayou_lagoon_a, uniq_crazy_yiuf_cottage,
          uniq_joseph, uniq_pikel
D:9:      kennysheep_mini, orc_0_dummy, serial_shops, shop
D:10:     uniq_erica, uniq_erolcha, uniq_grum
D:11:     lemuel_insect_pit, erik_lair_island, uniq_josephine

Skill      XL: |  1  2  3  4  5  6  7  8  9 10 11 |
---------------+----------------------------------+-----
Stealth        | 1 2 3 4 5 6 7 9 |  9.4
Maces & Flails | 3 |  3.5
Short Blades   | 1 2 4 |  4.2
Fighting       | 3 4 6 8 |  8.3
Translocations | 5 6 |  6.7
Spellcasting   | 3 5 6 7 |  7.3
Armour         | 3 4 5 |  5.0
Dodging        | 3 4 5 |  5.0
Charms         | 2 |  2.0
Air Magic      | 2 |  2.1
Evocations     | 5 |  5.0
Hexes          | 3 |  3.4
Throwing       | |  0.8

Action                   |  1- 3 |  4- 6 |  7- 9 | 10-12 || total
-------------------------+-------+-------+-------+-------++-------
Melee: Mace              |    57 |    37 |       |       ||    94
       Dagger            |       |   126 |   250 |   532 ||   908
       Dire flail        |       |       |    77 |   142 ||   219
       Staff             |       |       |     3 |       ||     3
 Fire: Blowgun           |       |    23 |    14 |    47 ||    84
       Shortbow          |       |       |       |     7 ||     7
Throw: Stone             |    10 |    18 |    15 |    34 ||    77
       Tomahawk          |       |     5 |       |    12 ||    17
 Cast: Shroud of Golubri |     9 |    20 |    44 |    86 ||   159
       Teleport Other    |       |       |    10 |    23 ||    33
       Lesser Beckoning  |       |       |    15 |    12 ||    27
       Passage of Golubr |       |       |       |     6 ||     6
       Swiftness         |       |       |       |     2 ||     2
       Blink             |       |       |       |     1 ||     1
       Repel Missiles    |       |       |       |     1 ||     1
 Abil: Spit Poison       |    30 |    48 |    23 |    43 ||   144
Evoke: Wand              |       |       |     1 |    11 ||    12
  Use: Scroll            |     1 |       |    11 |     3 ||    15
       Potion            |       |       |     2 |     4 ||     6
 Stab: Sleeping          |     1 |     3 |     5 |     5 ||    14
       Distracted        |       |     1 |       |       ||     1
       Paralysed         |       |       |       |     1 ||     1
       Confused          |       |       |       |     4 ||     4
       Invisible         |       |       |       |     2 ||     2
  Eat: Chunk             |     4 |    13 |    11 |    23 ||    51
       Bread ration      |       |     1 |     1 |       ||     2
       Beef jerky        |       |       |     1 |       ||     1
       Fruit             |       |       |       |     1 ||     1
       Royal jelly       |       |       |       |     1 ||     1
Armor: Leather armour    |    15 |    39 |       |       ||    54
       Ring mail         |       |     1 |    45 |       ||    46
       Scale mail        |       |       |    59 |   270 ||   329
Dodge: Dodged            |    45 |   102 |   170 |   327 ||   644
       Deflected         |       |       |       |     1 ||     1
